 Dungeon Crawl Stone Soup version 0.31-a0-507-gbafd7f5274 (webtiles) character file.

Game seed: 15251192699218808309

1707 Turgor the Changeling (level 8, -1/78 HPs)
             Began as a Troll Shapeshifter on Aug 9, 2023.
             Killed from afar by a steam dragon (14 damage)
             ... with a ball of steam
             ... on level 6 of the Dungeon.
             The game lasted 00:20:32 (4352 turns).

Turgor the Changeling (Troll Shapeshifter)          Turns: 4352, Time: 00:20:33

Health: -1/78      AC:  5    Str: 26    XL:     8   Next: 73%
Magic:  7/7        EV: 10    Int:  4    God:
Gold:   256        SH:  5    Dex: 10    Spells: 7/7 levels left

rFire   . .          .
                       - Unarmed
rCold   . . .        (no shield)
rNeg    . . .        a - +1 animal skin
rPois   .            (helmet currently unavailable)
rElec   .            (cloak currently unavailable)
rCorr   +            (gloves unavailable)
SInv    .            (boots unavailable)
Will    .....        h - amulet of reflection
Stlth   +            m - ring of resist corrosion
HPRegen 1.13/turn    (no ring)
MPRegen 0.10/turn

%: reflection
@: lethally poisoned (-1 -> -3), beast-form
A: beast (slay +4), large, unfitting armour, claws 3, regeneration 1, shaggy fur
1, tough skin 1
a: Begin Untransformation


You were on level 6 of the Dungeon.
You were a hulking beast.
You visited 1 branch of the dungeon, and saw 6 of its levels.
You also visited: Ossuary.

You collected 256 gold pieces.

Inventory:

Missiles
 f - 69 stones (quivered)
 A - 7 poisoned darts
Armour
 a - a +1 animal skin (worn)
 r - an orb of guile
Jewellery
 h - an amulet of reflection (around neck)
 m - a ring of resist corrosion (left claw)
 z - a ring of magical power
 G - a ring of wizardry
Talismans
 c - a beast talisman (active)
 n - a flux talisman
Wands
 s - a wand of flame (32)
Scrolls
 d - a scroll of brand weapon {unknown}
 g - 2 scrolls of fog
 i - a scroll of enchant weapon
 j - a scroll of enchant armour
 l - 2 scrolls of amnesia
 o - 3 scrolls of teleportation
 q - a scroll of summoning
 t - a scroll of fear
 w - a scroll of torment
 y - a scroll of vulnerability
Potions
 b - 3 potions of lignification
 e - 2 potions of might
 k - 2 potions of haste
 p - a potion of enlightenment {unknown}
 u - 3 potions of curing {unknown}
 v - 3 potions of mutation {unknown}
 x - 2 potions of cancellation {unknown}
 B - a potion of invisibility {unknown}
 C - a potion of berserk rage {unknown}
 D - 5 potions of attraction {unknown}
 E - a potion of brilliance {unknown}
 F - 2 potions of heal wounds {unknown}
 H - a potion of degeneration {unknown}


   Skills:
 + Level 4.3 Fighting
 + Level 4.5 Dodging
 + Level 5.9 Unarmed Combat
 * Level 6.3 Shapeshifting


You had 7 spell levels left.
You didn't know any spells.
Your spell library contained the following spells:

 Spells                   Type           Power      Damage    Failure   Level
 Foxfire                  Conj/Fire      0%         2x1d4     50%         1
 Magic Dart               Conj           0%         1d3       50%         1
 Ensorcelled Hibernation  Hex/Ice        0%         N/A       65%         2
 Lesser Beckoning         Tloc           0%         N/A       65%         2
 Passwall                 Tmut/Erth      0%         N/A       65%         2
 Call Canine Familiar     Summ           0%         N/A       86%         3
 Gell's Gravitas          Tloc           0%         N/A       86%         3
 Portal Projectile        Hex/Tloc       0%         N/A       86%         3
 Swiftness                Air            0%         N/A       86%         3
 Teleport Other           Tloc           0%         N/A       86%         3
 Fulminant Prism          Conj/Hex       0%         3d5       99%         4
 Leda's Liquefaction      Hex/Erth       0%         N/A       99%         4
 Simulacrum               Ice/Necr       0%         N/A       100%        6
 Ozocubu's Refrigeration  Ice            0%         4d7       100%        7
 Lehudib's Crystal Spear  Conj/Erth      0%         10d2      100%        8
 Polar Vortex             Ice            0%         N/A       100%        9


Dungeon Overview and Level Annotations

Branches:
Dungeon (6/15)            Ossuary (visited)
 Temple: D:4-7

Altars:
Kikubaaqudgha
Nemelex Xobeh
Qazlal
Vehumet
The Shining One

Annotations:
D:5 1 runed translucent door, Crazy Yiuf


Innate Abilities, Weirdness & Mutations

You are a hulking beast.
Your limbs bulge with bestial killing power. (Slay +4)
You are too large for most types of armour.
You have claws for hands.
Your natural rate of healing is unusually fast.
You are covered in fur. (AC +1)
You have tough skin. (AC +1)


Message History

You block the water moccasin's attack. The water moccasin bites you.
You are poisoned.
The water moccasin poisons you!
You barely miss the water moccasin.
The water moccasin is almost dead.
You feel very sick. The steam dragon closely misses you.
You block the steam dragon's attack. The water moccasin bites you.
You closely miss the water moccasin.
The water moccasin is almost dead.
You feel very sick. The water moccasin bites you.
The steam dragon barely misses you. x2
You completely miss the water moccasin.
The water moccasin is almost dead.
You feel sick. The water moccasin bites you.
You are more poisoned.
The water moccasin poisons you! The steam dragon breathes steam at you.
The ball of steam hits you!!
You scratch the water moccasin.
You kill the water moccasin!
You are engulfed in a cloud of scalding steam.
You feel very sick. The steam dragon closely misses you.
The steam dragon completely misses you.
You claw the steam dragon!
The steam dragon is heavily wounded.
You are engulfed in a cloud of scalding steam.
* * * LOW HITPOINT WARNING * * *
You feel very sick. The steam dragon barely misses you.
You block the steam dragon's attack.
You closely miss the steam dragon.
The steam dragon is heavily wounded.
You feel sick. You block the steam dragon's attack. The steam dragon claws you.
* * * LOW HITPOINT WARNING * * *
You claw the steam dragon!
The steam dragon is almost dead.
You feel sick. The steam dragon breathes steam at you.
The ball of steam hits you!
You die...

#.# #####.#
.....## .....##
(.... ###
#...#...#
#.D†..$.# #h#
#§# #.####§#
#.....)#
######.# #.#
#.# #########
#.# #.......#
#.#############


You could see a steam dragon (catching breath).

Vanquished Creatures
  Menkaure (D:5)
  Duvessa (D:5)
  3 water moccasins (D:6)
  A sky beast (D:3)
  A scorpion (D:5)
  3 wights (D:6)
  Dowan (D:5)
  3 centaur zombies (Ossuary)
  2 hounds
  A jelly (D:4)
  5 orc priests
  Ijyb (D:5)
  2 iguanas (D:5)
  2 ogre zombies (Ossuary)
  7 mummies (Ossuary)
  5 adders
  8 gnolls
  A white imp (D:6)
  4 adder zombies (Ossuary)
  A worm (D:3)
  A dart slug (D:5)
  21 orcs
  5 ball pythons
  6 bats
  An endoplasm (D:1)
  2 giant cockroaches
  7 goblins
  7 hobgoblins
  3 quokkas
  3 frilled lizards
  2 gnoll zombies
  A goblin zombie (Ossuary)
  6 hobgoblin zombies (Ossuary)
  11 kobolds
  6 kobold zombies (Ossuary)
  3 quokka zombies (Ossuary)
  4 rats
  4 rat zombies (Ossuary)
146 creatures vanquished.

Notes
Turn   | Place    | Note
-------+----------+-------------------------------------------
     0 | D:1      | Turgor the Troll Shapeshifter began the quest for the Orb.
     0 | D:1      | Reached XP level 1. HP: 18/18 MP: 0/0
    70 | D:1      | Reached skill level 1 in Fighting
   127 | D:1      | Reached XP level 2. HP: 27/27 MP: 1/1
   699 | D:2      | Reached XP level 3. HP: 31/33 MP: 2/2
   966 | D:2      | Reached XP level 4. HP: 42/42 MP: 3/3
  1234 | D:3      | Found a glowing golden altar of the Shining One.
  1531 | D:3      | Reached XP level 5. HP: 49/49 MP: 4/4
  1593 | D:3      | Got Baahon's Excursus on Heavy Striking
  1799 | D:3      | Noticed a sky beast
  1808 | D:3      | Killed a sky beast
  2091 | D:4      | Reached XP level 6. HP: 59/59 MP: 5/5
  2123 | D:4      | Reached skill level 4 in Shapeshifting
  2141 | D:4      | Found a sparkling altar of Nemelex Xobeh.
  2359 | D:4      | Found a sand-covered staircase.
  2369 | Ossuary  | Entered an ossuary
  2573 | Ossuary  | Reached XP level 7. HP: 50/66 MP: 6/6
  3190 | D:5      | Entered Level 5 of the Dungeon
  3223 | D:5      | Noticed Menkaure
  3227 | D:5      | Killed Menkaure
  3228 | D:5      | Reached skill level 5 in Shapeshifting
  3238 | D:5      | Found an ancient bone altar of Kikubaaqudgha.
  3248 | D:5      | Noticed Ijyb
  3254 | D:5      | Killed Ijyb
  3255 | D:5      | Reached skill level 5 in Unarmed Combat
  3319 | D:5      | Noticed Dowan
  3319 | D:5      | Noticed Duvessa
  3333 | D:5      | Killed Duvessa
  3339 | D:5      | Killed Dowan
  3385 | D:5      | Reached XP level 8. HP: 44/76 MP: 7/7
  3804 | D:5      | Found a runed translucent door.
  3805 | D:5      | Noticed Crazy Yiuf
  4026 | D:6      | Found a stormy altar of Qazlal.
  4121 | D:6      | Found a radiant altar of Vehumet.
  4160 | D:6      | Reached skill level 6 in Shapeshifting
  4352 | D:6      | Killed from afar by a steam dragon

Illustrated notes

Levels and vault maps discovered:
D:1:      minmay_arrival_open_corners, layout_loops_cross
D:2:      layout_rooms, minmay_heptomino_d4
D:3:      layout_basic, nicolae_tso_carved_into_rock
D:4:      layout_loops_ring, nemelex_diamond_rough_becter, enter_ossuary_3,
          minmay_goblin_kobold_house
D:5:      layout_loops_cross, kiku_gazebo_pond_becter, serial_bayou_pond_e,
          uniq_crazy_yiuf_cottage, uniq_ijyb, uniq_duvessa, uniq_menkaure
D:6:      layout_loops_corners, mainiacjoe_overflow_paths,
          nicolae_ru_the_path_less_chosen, nicolae_qazlal_style_of_elements

Skill      XL: |  1  2  3  4  5  6  7  8 |
---------------+-------------------------+-----
Fighting       | 1 2 3 4 |  4.3
Dodging        | 2 3 4 |  4.5
Unarmed Combat | 4 5 |  5.9
Shapeshifting  | 4 5 6 |  6.3

Action                     |  1- 3 |  4- 6 |  7- 9 || total
---------------------------+-------+-------+-------++-------
  Melee: Unarmed           |    66 |   148 |   156 ||   370
         Punch             |       |     4 |     7 ||    11
  Throw: Stone             |     2 |       |       ||     2
    Use: Scroll            |       |     5 |    10 ||    15
         Potion            |       |       |     1 ||     1
 Armour: Animal skin       |    18 |    37 |    31 ||    86
  Dodge: Dodged            |    25 |    46 |    49 ||   120
  Block: Other             |    17 |    18 |    30 ||    65
         Reflection        |     2 |     1 |       ||     3

Table legend: (Time is in decaauts)
 A = Elapsed time spent in this place.
 B = Non-inter-level travel time spent in this place.
 C = Inter-level travel time spent in this place.
 D = Time resting spent in this place.
 E = Time spent auto-exploring this place.
 F = Levels seen in this place.
 G = Mean time per level.
                   A        B        C        D        E       F      G
               +--------+--------+--------+--------+--------+-----+--------+
         Total |   4305 |   4160 |    145 |     53 |   2719 |   7 |  615.0 |
       Dungeon |   3832 |   3687 |    145 |     22 |   2640 |   6 |  638.7 |
       Ossuary |    473 |    473 |      0 |     31 |     79 |   1 |  473.0 |
               +--------+--------+--------+--------+--------+-----+--------+

Top non-repeatable levels by time:
     D:3: 814 daAuts
     D:5: 813 daAuts
     D:4: 744 daAuts
     D:1: 632 daAuts
     D:2: 503 daAuts
 Ossuary: 473 daAuts
     D:6: 323 daAuts
